TOP OF THE 1ST |
Colorado Rockies batting - Pitching for San Diego Padres : RHP Adam Thompson
|
Pitching: RHP Adam Thompson
|
|
Batting: RHB Joel Haycock
|
0-0: Ground out 5-3 (Groundball, 56, EV 81.9 MPH)
|
Batting: RHB Roberto Rodriguez
|
0-0: Ground out 5-3 (Groundball, 56, EV 86.2 MPH)
|
Batting: SHB Chris Blue
|
0-0: Called Strike 0-1: Ball 1-1: Foul Ball, location: 2F 1-2: Foul Ball, location: 2F 1-2: Foul Ball, location: 2F 1-2: Ball 2-2: Ball 3-2: Fly out, F8 (Flyball, 8LD, EV 106.9 MPH)
|
Top of the 1st over - 0 runs, 0 hits, 0 errors, 0 left on base; Colorado 0 - San Diego 0 |
BOTTOM OF THE 1ST |
San Diego Padres batting - Pitching for Colorado Rockies : RHP Link Zeller
|
Pitching: RHP Link Zeller
|
|
Batting: LHB Kevin Bellman
|
0-0: Called Strike 0-1: Swinging Strike 0-2: Ball 1-2: Strikes out looking
|
Batting: LHB Per Meulengracht
|
0-0: Ball 1-0: SINGLE (Line Drive, 9S, EV 101.2 MPH)
|
Batting: LHB Mike Holt
|
0-0: Ball 1-0: Ball 2-0: Ball 3-0: Called Strike 3-1: Called Strike 3-2: Foul Ball, location: 2F 3-2: Foul Ball, location: 2F 3-2: DOUBLE (Line Drive, 89D, EV 105.6 MPH) Per Meulengracht to third
|
Batting: RHB Cesar Breceda
|
0-0: Called Strike 0-1: Swinging Strike 0-2: Fly out, F8 (Line Drive, 8LM, EV 90.6 MPH) Runner from 3rd tags up, SCORES, throw by CF Mike Holt to third
|
Batting: RHB Chiel Palstermans
|
0-0: Ball 1-0: Foul Ball, location: 2F 1-1: Foul Ball, location: 2F 1-2: Ball 2-2: Fly out, F9 (Flyball, 9D, EV 93.8 MPH)
|
Bottom of the 1st over - 1 run, 2 hits, 0 errors, 1 left on base; Colorado 0 - San Diego 1 |
TOP OF THE 2ND |
Colorado Rockies batting - Pitching for San Diego Padres : RHP Adam Thompson
|
Batting: RHB Jason Andrews
|
0-0: Ball 1-0: Ball 2-0: Ball 3-0: Called Strike 3-1: Called Strike 3-2: Strikes out swinging
|
Batting: LHB Fabiano Perrolas
|
0-0: Swinging Strike 0-1: Ball 1-1: Foul Ball, location: 2F 1-2: SOLO HOME RUN (Line Drive, 9LD, EV 93.8 MPH), Distance : 342 ft
|
Batting: RHB Leo Mair
|
0-0: Called Strike 0-1: Ball 1-1: Ball 2-1: Fly out, F8 (Line Drive, 8RM, EV 91.2 MPH)
|
Batting: LHB Jose Robles
|
0-0: Ball 1-0: Ball 2-0: Called Strike 2-1: Ball 3-1: Foul Ball, location: 2F 3-2: Strikes out swinging
|
Top of the 2nd over - 1 run, 1 hit, 0 errors, 0 left on base; Colorado 1 - San Diego 1 |
BOTTOM OF THE 2ND |
San Diego Padres batting - Pitching for Colorado Rockies : RHP Link Zeller
|
Batting: LHB Andy Bowman
|
0-0: Ball 1-0: Fly out, F6 (Popup, 6M, EV 60.0 MPH)
|
Batting: RHB Alois Wollf
|
0-0: Ground out 6-3 (Groundball, 6, EV 106.2 MPH)
|
Batting: RHB Alberto Cotto
|
0-0: Ground out 6-3 (Groundball, 6, EV 84.4 MPH)
|
Bottom of the 2nd over - 0 runs, 0 hits, 0 errors, 0 left on base; Colorado 1 - San Diego 1 |
TOP OF THE 3RD |
Colorado Rockies batting - Pitching for San Diego Padres : RHP Adam Thompson
|
Batting: RHB Sterling Acosta
|
0-0: Ball 1-0: Called Strike 1-1: Ball 2-1: Ball 3-1: Foul Ball, location: 2F 3-2: Fly out, F8 (Flyball, 8LXD, EV 108.8 MPH)
|
Batting: RHB Stephen Charbonneau
|
0-0: Called Strike 0-1: Called Strike 0-2: Strikes out swinging
|
Batting: RHB Joel Haycock
|
0-0: Ball 1-0: Ball 2-0: SINGLE (Groundball, 6MD, EV 96.9 MPH)
|
Batting: RHB Roberto Rodriguez
|
0-0: Called Strike 0-1: Called Strike 0-2: Ball 1-2: Strikes out looking
|
Top of the 3rd over - 0 runs, 1 hit, 0 errors, 1 left on base; Colorado 1 - San Diego 1 |
BOTTOM OF THE 3RD |
San Diego Padres batting - Pitching for Colorado Rockies : RHP Link Zeller
|
Batting: LHB Chris Moody
|
0-0: Called Strike 0-1: Ball 1-1: Ball 2-1: Fly out, F9 (Flyball, 89M, EV 84.4 MPH)
|
Batting: LHB Kevin Bellman
|
0-0: Called Strike 0-1: Foul Ball, location: 2F 0-2: Strikes out swinging
|
Batting: LHB Per Meulengracht
|
0-0: SINGLE (Line Drive, 8LM, EV 90.0 MPH)
|
Batting: LHB Mike Holt
|
0-0: Called Strike 0-1: Fly out, F7 (Flyball, 7, EV 86.2 MPH)
|
Bottom of the 3rd over - 0 runs, 1 hit, 0 errors, 1 left on base; Colorado 1 - San Diego 1 |
TOP OF THE 4TH |
Colorado Rockies batting - Pitching for San Diego Padres : RHP Adam Thompson
|
Batting: SHB Chris Blue
|
0-0: Ball 1-0: Called Strike 1-1: Fly out, F7 (Line Drive, 7, EV 96.2 MPH)
|
Batting: RHB Jason Andrews
|
0-0: Ball 1-0: Called Strike 1-1: Ball 2-1: Ground out 6-3 (Groundball, 6, EV 88.1 MPH)
|
Batting: LHB Fabiano Perrolas
|
0-0: Swinging Strike 0-1: Swinging Strike 0-2: Ball 1-2: Ball 2-2: Fly out, F6 (Popup, 6MD, EV 65.6 MPH)
|
Top of the 4th over - 0 runs, 0 hits, 0 errors, 0 left on base; Colorado 1 - San Diego 1 |
BOTTOM OF THE 4TH |
San Diego Padres batting - Pitching for Colorado Rockies : RHP Link Zeller
|
Batting: RHB Cesar Breceda
|
0-0: Foul Ball, location: 2F 0-1: Foul Ball, location: 2F 0-2: Foul Ball, location: 2F 0-2: Ball 1-2: Foul Ball, location: 2F 1-2: Ball 2-2: Ball 3-2: Foul Ball, location: 2F 3-2: Foul Ball, location: 2F 3-2: Foul Ball, location: 2F 3-2: Foul Ball, location: 2F 3-2: Ground out U3 (Groundball, 34, EV 108.1 MPH)
|
Batting: RHB Chiel Palstermans
|
0-0: Called Strike 0-1: Foul Ball, location: 2F 0-2: Ball 1-2: Ball 2-2: SINGLE (Groundball, 6M, EV 108.8 MPH) (infield hit)
|
Batting: LHB Andy Bowman
|
0-0: Called Strike Chiel Palstermans is caught stealing 2nd base 2-6 0-1: Ball 1-1: Ball 2-1: Ball 3-1: Ground out U3 (Groundball, 3, EV 88.8 MPH)
|
Bottom of the 4th over - 0 runs, 1 hit, 0 errors, 0 left on base; Colorado 1 - San Diego 1 |
TOP OF THE 5TH |
Colorado Rockies batting - Pitching for San Diego Padres : RHP Adam Thompson
|
Batting: RHB Leo Mair
|
0-0: Ball 1-0: Called Strike 1-1: Swinging Strike 1-2: Strikes out looking
|
Batting: LHB Jose Robles
|
0-0: Ball 1-0: SINGLE (Line Drive, 5D, EV 96.2 MPH)
|
Batting: RHB Sterling Acosta
|
0-0: Foul Ball, location: 2F 0-1: Foul Ball, location: 2F 0-2: Strikes out swinging
|
Batting: RHB Stephen Charbonneau
|
0-0: Ball 1-0: Ball 2-0: Called Strike 2-1: SINGLE (Groundball, 6D, EV 111.9 MPH) Jose Robles to second
|
Batting: RHB Joel Haycock
|
0-0: Fly out, F8 (Flyball, 8RXD, EV 90.6 MPH)
|
Top of the 5th over - 0 runs, 2 hits, 0 errors, 2 left on base; Colorado 1 - San Diego 1 |
BOTTOM OF THE 5TH |
San Diego Padres batting - Pitching for Colorado Rockies : RHP Link Zeller
|
Batting: RHB Alois Wollf
|
0-0: Called Strike 0-1: Ball 1-1: Fly out, F8 (Flyball, 8LXD, EV 75.6 MPH)
|
Batting: RHB Alberto Cotto
|
0-0: Swinging Strike 0-1: Ball 1-1: SOLO HOME RUN (Flyball, 7LD, EV 93.1 MPH), Distance : 346 ft
|
Batting: LHB Chris Moody
|
0-0: Called Strike 0-1: Ball 1-1: Swinging Strike 1-2: Strikes out swinging
|
Batting: LHB Kevin Bellman
|
0-0: Ball 1-0: Foul Ball, location: 2F 1-1: Ball 2-1: SINGLE (Line Drive, 9S, EV 101.9 MPH)
|
Batting: LHB Per Meulengracht
|
0-0: Ball 1-0: Fly out, F6 (Line Drive, 6, EV 66.2 MPH)
|
Bottom of the 5th over - 1 run, 2 hits, 0 errors, 1 left on base; Colorado 1 - San Diego 2 |
TOP OF THE 6TH |
Colorado Rockies batting - Pitching for San Diego Padres : RHP Adam Thompson
|
Batting: RHB Roberto Rodriguez
|
0-0: Ball 1-0: Ground out 6-3 (Groundball, 56D, EV 101.2 MPH)
|
Batting: SHB Chris Blue
|
0-0: Called Strike 0-1: Foul Ball, location: 2F 0-2: Fly out, F7 (Flyball, 7S, EV 77.5 MPH)
|
Batting: RHB Jason Andrews
|
0-0: Foul Ball, location: 2F 0-1: Foul Ball, location: 2F 0-2: Foul Ball, location: 2F 0-2: Ball 1-2: Ball 2-2: Ground out 4-3 (Groundball, 4, EV 88.1 MPH)
|
Top of the 6th over - 0 runs, 0 hits, 0 errors, 0 left on base; Colorado 1 - San Diego 2 |
BOTTOM OF THE 6TH |
San Diego Padres batting - Pitching for Colorado Rockies : RHP Link Zeller
|
Batting: LHB Mike Holt
|
0-0: Ball 1-0: Swinging Strike 1-1: Foul Ball, location: 2F 1-2: Foul Ball, location: 2F 1-2: Foul Ball, location: 2F 1-2: DOUBLE (Line Drive, 89D, EV 103.1 MPH)
|
Batting: RHB Cesar Breceda
|
0-0: Called Strike 0-1: Ball 1-1: Swinging Strike 1-2: Strikes out swinging
|
Batting: RHB Chiel Palstermans
|
0-0: Ball 1-0: Foul Ball, location: 2F 1-1: Ball 2-1: Ball 3-1: Base on Balls
|
Batting: LHB Andy Bowman
|
0-0: Called Strike 0-1: Ball 1-1: Foul Ball, location: 2F 1-2: Foul Ball, location: 2F 1-2: Ball 2-2: Foul Ball, location: 2F 2-2: Strikes out swinging
|
Batting: RHB Alois Wollf
|
0-0: Ball 1-0: DOUBLE (Line Drive, 3D, EV 96.9 MPH) Mike Holt scores Chiel Palstermans to third Runner from 3rd tries for Home, throw by RF and OUT! 9-4-2
|
Bottom of the 6th over - 1 run, 2 hits, 0 errors, 1 left on base; Colorado 1 - San Diego 3 |
TOP OF THE 7TH |
Colorado Rockies batting - Pitching for San Diego Padres : RHP Adam Thompson
|
Batting: LHB Fabiano Perrolas
|
0-0: SINGLE (Groundball, 56D, EV 95.0 MPH)
|
Pitching: RHP Raul Almonte
|
|
Batting: RHB Leo Mair
|
0-0: Called Strike 0-1: DOUBLE (Line Drive, 89D, EV 100.6 MPH) Fabiano Perrolas to third
|
Batting: LHB Jose Robles
|
0-0: SINGLE (Groundball, 34D, EV 103.1 MPH) Fabiano Perrolas scores Leo Mair to third
|
Batting: RHB Sterling Acosta
|
0-0: Called Strike 0-1: Foul Ball, location: 2F 0-2: Ball 1-2: Ball 2-2: Strikes out swinging
|
Batting: RHB Stephen Charbonneau
|
0-0: Called Strike 0-1: Called Strike 0-2: Strikes out swinging
|
Batting: RHB Joel Haycock
|
0-0: Called Strike 0-1: Foul Ball, location: 2F 0-2: Strikes out looking
|
Top of the 7th over - 1 run, 3 hits, 0 errors, 2 left on base; Colorado 2 - San Diego 3 |
BOTTOM OF THE 7TH |
San Diego Padres batting - Pitching for Colorado Rockies : RHP Link Zeller
|
Batting: RHB Alberto Cotto
|
0-0: Called Strike 0-1: Ball 1-1: Swinging Strike 1-2: Ball 2-2: Strikes out swinging
|
Pitching: LHP Mario Castro
|
|
Batting: RHB Bobby Ayala
|
0-0: Foul Ball, location: 2F 0-1: DOUBLE (Flyball, 8RXD, EV 103.1 MPH)
|
Batting: LHB Kevin Bellman
|
0-0: Intentional Walk
|
Batting: LHB Per Meulengracht
|
0-0: Called Strike 0-1: Ball 1-1: Swinging Strike 1-2: Ball 2-2: SINGLE (Groundball, 4MD, EV 85.0 MPH) (infield hit) Bobby Ayala to third Kevin Bellman to second
|
Batting: LHB Mike Holt
|
0-0: Called Strike 0-1: Ball 1-1: Fly out, F7 (Line Drive, 7D, EV 88.8 MPH) Runner from 3rd tags up, SCORES, no throw by LF Kevin Bellman to third
|
Pitching: RHP Mike Mik
|
|
Batting: RHB Cesar Breceda
|
0-0: Ball 1-0: Ball 2-0: Ball 3-0: Base on Balls Per Meulengracht to second
|
Batting: RHB Chiel Palstermans
|
0-0: Ball 1-0: Swinging Strike 1-1: Swinging Strike 1-2: Foul Ball, location: 2F 1-2: Ball 2-2: Ball 3-2: Strikes out swinging
|
Bottom of the 7th over - 1 run, 2 hits, 0 errors, 3 left on base; Colorado 2 - San Diego 4 |
TOP OF THE 8TH |
Colorado Rockies batting - Pitching for San Diego Padres : RHP Raul Almonte
|
Batting: RHB Roberto Rodriguez
|
0-0: Ball 1-0: Called Strike 1-1: Ball 2-1: Fly out, F9 (Flyball, 9S, EV 86.9 MPH)
|
Batting: SHB Chris Blue
|
0-0: Called Strike 0-1: Called Strike 0-2: SOLO HOME RUN (Flyball, 7D, EV 95.6 MPH), Distance : 368 ft
|
Batting: RHB Jason Andrews
|
0-0: Foul Ball, location: 2F 0-1: SINGLE (Groundball, 6D, EV 99.4 MPH)
|
Batting: LHB Fabiano Perrolas
|
0-0: Ball 1-0: Called Strike 1-1: Foul Ball, location: 2F 1-2: Ball 2-2: Strikes out looking
|
Batting: RHB Leo Mair
|
0-0: Ball 1-0: Swinging Strike 1-1: Called Strike 1-2: SINGLE (Groundball, 4D, EV 98.8 MPH) Jason Andrews to second Runner from 2nd tries for 3rd, SAFE, throw by RF made to third Leo Mair to second
|
Batting: LHB Jose Robles
|
0-0: Swinging Strike 0-1: Ball 1-1: Ball 2-1: Ball Wild Pitch! Jason Andrews scores Leo Mair to third 3-1: Base on Balls
|
Batting: RHB Sterling Acosta
|
0-0: Foul Ball, location: 2F 0-1: Foul Ball, location: 2F 0-2: Ball 1-2: Ball 2-2: Ball 3-2: Strikes out swinging
|
Top of the 8th over - 2 runs, 3 hits, 0 errors, 2 left on base; Colorado 4 - San Diego 4 |
BOTTOM OF THE 8TH |
San Diego Padres batting - Pitching for Colorado Rockies : RHP Mike Mik
|
Batting: LHB Andy Bowman
|
0-0: Called Strike 0-1: Fly out, F7 (Flyball, 7LM, EV 94.4 MPH)
|
Pinch Hitting: SHB Jerry Luckwell
|
0-0: Called Strike 0-1: Foul Ball, location: 2F 0-2: Ball 1-2: Fly out, F9 (Flyball, 9S, EV 83.1 MPH)
|
Pinch Hitting: LHB Xavier Pittman
|
0-0: DOUBLE (Groundball, 3L, EV 104.4 MPH)
|
Batting: RHB Bobby Ayala
|
0-0: Called Strike 0-1: Ball 1-1: Foul Ball, location: 2F 1-2: Strikes out swinging
|
Bottom of the 8th over - 0 runs, 1 hit, 0 errors, 1 left on base; Colorado 4 - San Diego 4 |
TOP OF THE 9TH |
Colorado Rockies batting - Pitching for San Diego Padres : RHP Raul Almonte
|
Pitching: LHP Tommy Hall
|
|
Now at 1B: Jerry Luckwell
|
|
Now at 2B: Xavier Pittman
|
|
Batting: RHB Stephen Charbonneau
|
0-0: Ball 1-0: Ball 2-0: Ball 3-0: Swinging Strike 3-1: Called Strike 3-2: Strikes out swinging
|
Batting: RHB Joel Haycock
|
0-0: Ball 1-0: SOLO HOME RUN (Flyball, 7D, EV 93.8 MPH), Distance : 373 ft
|
Batting: RHB Roberto Rodriguez
|
0-0: Ground out 6-3 (Groundball, 6MS, EV 70.6 MPH)
|
Batting: SHB Chris Blue
|
0-0: Ball 1-0: Ball 2-0: Ball 3-0: Base on Balls
|
Batting: RHB Jason Andrews
|
0-0: Ball 1-0: Ball 2-0: Fly out, F8 (Flyball, 8RM, EV 77.5 MPH)
|
Top of the 9th over - 1 run, 1 hit, 0 errors, 1 left on base; Colorado 5 - San Diego 4 |
BOTTOM OF THE 9TH |
San Diego Padres batting - Pitching for Colorado Rockies : RHP Mike Mik
|
Pitching: RHP Jaden Mackey
|
|
Batting: LHB Kevin Bellman
|
0-0: Ball 1-0: Foul Ball, location: 2F 1-1: Ball 2-1: SINGLE (Flyball, 89D, EV 88.8 MPH)
|
Batting: LHB Per Meulengracht
|
0-0: Fly out, F9 (Flyball, 9, EV 93.1 MPH)
|
Batting: LHB Mike Holt
|
0-0: Ball 1-0: Foul Ball, location: 2F 1-1: Ball 2-1: Foul Ball, location: 2F 2-2: Foul Ball, location: 2F 2-2: Foul Ball, location: 2F 2-2: SINGLE (Groundball, 4S, EV 74.4 MPH) (infield hit) Kevin Bellman to second
|
Batting: RHB Cesar Breceda
|
0-0: Ball 1-0: Ball 2-0: Swinging Strike 2-1: Foul Ball, location: 2F 2-2: Foul Ball, location: 2F 2-2: Foul Ball, location: 2F 2-2: Ball 3-2: Foul Ball, location: 2F 3-2: Fly out, F4 (Popup, 4M, EV 58.1 MPH)
|
Batting: RHB Chiel Palstermans
|
0-0: Ball 1-0: Foul Ball, location: 2F 1-1: SINGLE (Groundball, 34D, EV 105.6 MPH) Kevin Bellman to third Mike Holt to second Runner from 3rd tries for Home, SAFE, throw by RF to home
|
Batting: LHB Andy Bowman
|
0-0: Ball 1-0: Foul Ball, location: 2F 1-1: Ball 2-1: Called Strike 2-2: Foul Ball, location: 2F 2-2: Strikes out looking
|
Bottom of the 9th over - 1 run, 3 hits, 0 errors, 2 left on base; Colorado 5 - San Diego 5 |
TOP OF THE 10TH |
Colorado Rockies batting - Pitching for San Diego Padres : LHP Tommy Hall
|
Pinch Hitting: RHB Bobby Bowman
|
0-0: Reached on error, E6 (Groundball, 56, EV 83.1 MPH)
|
Batting: RHB Leo Mair
|
0-0: Swinging Strike 0-1: Swinging Strike 0-2: Ball 1-2: Strikes out looking
|
Batting: RHB Dennis Daniels
|
0-0: Ball 1-0: Swinging Strike 1-1: Swinging Strike 1-2: Strikes out swinging
|
Batting: RHB Sterling Acosta
|
0-0: Swinging Strike 0-1: Ball 1-1: Called Strike 1-2: Strikes out swinging
|
Top of the 10th over - 0 runs, 0 hits, 1 error, 1 left on base; Colorado 5 - San Diego 5 |
BOTTOM OF THE 10TH |
San Diego Padres batting - Pitching for Colorado Rockies : RHP Jaden Mackey
|
Pitching: RHP Victor Walshe
|
|
Now at C: Bobby Bowman
|
|
Batting: SHB Jerry Luckwell
|
0-0: SINGLE (Groundball, 34D, EV 81.2 MPH) (infield hit)
|
Batting: LHB Xavier Pittman
|
0-0: Ball 1-0: Ball 2-0: Ball 3-0: Called Strike 3-1: Called Strike 3-2: SINGLE (Flyball, 8RS, EV 93.1 MPH) Jerry Luckwell to second
|
Batting: RHB Bobby Ayala
|
0-0: Ball 1-0: Swinging Strike 1-1: Foul Ball, location: 2F 1-2: Ball 2-2: Ball 3-2: Strikes out swinging
|
Batting: LHB Kevin Bellman
|
0-0: Ball 1-0: Ball 2-0: Swinging Strike 2-1: Swinging Strike 2-2: Ball 3-2: Fly out, F3 (Popup, 34, EV 75.6 MPH)
|
Batting: LHB Per Meulengracht
|
0-0: Ball 1-0: Ball 2-0: Called Strike 2-1: Ball 3-1: Base on Balls Jerry Luckwell to third Xavier Pittman to second
|
Batting: LHB Mike Holt
|
0-0: Ball 1-0: Foul Ball, location: 2F 1-1: Ball 2-1: Foul Ball, location: 2F 2-2: Fly out, F7 (Flyball, 7LS, EV 86.2 MPH)
|
Bottom of the 10th over - 0 runs, 2 hits, 0 errors, 3 left on base; Colorado 5 - San Diego 5 |
TOP OF THE 11TH |
Colorado Rockies batting - Pitching for San Diego Padres : LHP Tommy Hall
|
Batting: RHB Stephen Charbonneau
|
0-0: Ball 1-0: Fly out, F9 (Flyball, 9S, EV 93.1 MPH)
|
Batting: RHB Joel Haycock
|
0-0: Called Strike 0-1: Ball 1-1: DOUBLE (Line Drive, 89XD, EV 105.6 MPH) - OUT at third base trying to stretch hit.
|
Batting: RHB Roberto Rodriguez
|
0-0: Ball 1-0: Called Strike 1-1: Ball 2-1: Foul Ball, location: 2F 2-2: Ground out U3 (Groundball, 3, EV 98.1 MPH)
|
Top of the 11th over - 0 runs, 1 hit, 0 errors, 0 left on base; Colorado 5 - San Diego 5 |
BOTTOM OF THE 11TH |
San Diego Padres batting - Pitching for Colorado Rockies : RHP Victor Walshe
|
Batting: RHB Cesar Breceda
|
0-0: Ball 1-0: Swinging Strike 1-1: Called Strike 1-2: Foul Ball, location: 2F 1-2: Ball 2-2: Ball 3-2: Foul Ball, location: 2F 3-2: Foul Ball, location: 2F 3-2: Ground out 6-3 (Groundball, 6, EV 81.9 MPH)
|
Batting: RHB Chiel Palstermans
|
0-0: Ball 1-0: Swinging Strike 1-1: Called Strike 1-2: Ball 2-2: Strikes out looking
|
Pitching: RHP Oscar Munoz
|
|
Batting: LHB Andy Bowman
|
0-0: Called Strike 0-1: Foul Ball, location: 2F 0-2: Ground out 4-3 (Groundball, 4S, EV 83.1 MPH)
|
Bottom of the 11th over - 0 runs, 0 hits, 0 errors, 0 left on base; Colorado 5 - San Diego 5 |
TOP OF THE 12TH |
Colorado Rockies batting - Pitching for San Diego Padres : LHP Tommy Hall
|
Batting: SHB Chris Blue
|
0-0: Ball 1-0: Ground out 6-3 (Groundball, 6, EV 77.5 MPH)
|
Batting: RHB Jason Andrews
|
0-0: Ball 1-0: Ground out 6-3 (Groundball, 56, EV 103.1 MPH)
|
Batting: RHB Bobby Bowman
|
0-0: Ball 1-0: Ground out 1-3 (Groundball, 13S, EV 74.4 MPH)
|
Top of the 12th over - 0 runs, 0 hits, 0 errors, 0 left on base; Colorado 5 - San Diego 5 |
BOTTOM OF THE 12TH |
San Diego Padres batting - Pitching for Colorado Rockies : RHP Oscar Munoz
|
Batting: SHB Jerry Luckwell
|
0-0: Ball 1-0: Ball 2-0: Ball 3-0: Ground out 5-3 (Groundball, 25, EV 73.1 MPH)
|
Batting: LHB Xavier Pittman
|
0-0: Called Strike 0-1: Ball 1-1: Ball 2-1: Called Strike 2-2: Foul Ball, location: 2F 2-2: Fly out, F9 (Line Drive, 9, EV 89.4 MPH)
|
Batting: RHB Bobby Ayala
|
0-0: Foul Ball, location: 2F 0-1: Ball 1-1: Ball 2-1: Called Strike 2-2: Ball 3-2: Base on Balls
|
Batting: LHB Kevin Bellman
|
0-0: Called Strike 0-1: Called Strike 0-2: Foul Ball, location: 2F 0-2: Ball 1-2: Ball 2-2: Strikes out looking
|
Bottom of the 12th over - 0 runs, 0 hits, 0 errors, 1 left on base; Colorado 5 - San Diego 5 |
TOP OF THE 13TH |
Colorado Rockies batting - Pitching for San Diego Padres : LHP Tommy Hall
|
Pitching: RHP Jack Overbeek
|
|
Batting: RHB Leo Mair
|
0-0: Called Strike 0-1: Swinging Strike 0-2: Foul Ball, location: 2F 0-2: Ball 1-2: Foul Ball, location: 2F 1-2: Strikes out swinging
|
Batting: RHB Dennis Daniels
|
0-0: Foul Ball, location: 2F 0-1: Ground out 1-3 (Groundball, P, EV 73.8 MPH)
|
Batting: RHB Sterling Acosta
|
0-0: Ball 1-0: Swinging Strike 1-1: Swinging Strike 1-2: Foul Ball, location: 2F 1-2: Ball 2-2: Strikes out swinging
|
Top of the 13th over - 0 runs, 0 hits, 0 errors, 0 left on base; Colorado 5 - San Diego 5 |
BOTTOM OF THE 13TH |
San Diego Padres batting - Pitching for Colorado Rockies : RHP Oscar Munoz
|
Batting: LHB Per Meulengracht
|
0-0: Foul Ball, location: 2F 0-1: Called Strike 0-2: Foul Ball, location: 2F 0-2: Ball 1-2: SINGLE (Line Drive, 34D, EV 102.5 MPH)
|
Batting: LHB Mike Holt
|
0-0: Swinging Strike 0-1: DOUBLE (Flyball, 8LXD, EV 88.1 MPH) Per Meulengracht to third Runner from 3rd tries for Home, SAFE, throw by CF to trailing runner, SAFE at third!
|
Bottom of the 13th over - 1 run, 2 hits, 0 errors, 0 left on base; Colorado 5 - San Diego 6 |
|
Game Over ... San Diego defeats Colorado, 6 to 5
|
|
|